Map: Snowbound Colony

Players

TheCaptan - Winner!

  • Race: Protoss Protoss
  • Spawn Location: 7:00

Iceman - Winner!

  • Race: Terran Terran
  • Spawn Location: 6:00

SlapShot

  • Race: Terran Terran
  • League: Silver
  • Spawn Location: 12:00

oldSerge - Winner!

  • Race: Zerg Zerg
  • Spawn Location: 7:00

BEARNSTIEN

  • Race: Terran Terran
  • Spawn Location: 1:00

PHASOR

  • Race: Zerg Zerg
  • Spawn Location: 1:00

VOD

Have the link to the VOD?

Description

Time

  • Played on: May 16, 2020, 10:59 p.m.
  • Length: 15:28
Show
View Real Time Build Order
Export as new Build Order

TheCaptan Protoss - Winner!

Build Orders: Oracle Opening, Carriers 

Get SALT Encoding   

  12  0:07  Probe  
  13  0:18  Pylon  
  13  0:20  Probe (Chrono Boost)  
  14  0:29  Probe (Chrono Boost)  
  15  0:41  Probe  
  15  0:42  Gateway  
  16  0:58  Probe  
  17  1:10  Probe  
  17  1:11  Forge  
  18  1:22  Assimilator, Probe  
  19  1:26  Assimilator  
  19  1:34  Probe  
  19  1:35  Cybernetics Core  
  20  1:40  Zealot  
  20  1:46  Probe  
  23  2:01  Photon Cannon  
  23  2:06  Pylon  
  23  2:25  Stargate  
  23  2:31  Probe (Chrono Boost)  
  23  2:32  Photon Cannon  
  24  2:43  Probe (Chrono Boost)  
  25  2:48  Probe (Chrono Boost)  
  26  2:53  Pylon  
  27  3:01  Probe  
  27  3:06  Oracle (Chrono Boost)  
  31  3:26  Nexus  
  30  3:31  Probe  
  30  3:34  Oracle (Chrono Boost)  
  34  3:47  Photon Cannon  
  35  3:48  Probe  
  35  4:08  Void Ray  
  39  4:35  Pylon  
  39  4:37  Probe  
  40  4:52  Void Ray (Chrono Boost)  
  40  4:54  Fleet Beacon  
  40  4:57  Probe x2  
  46  5:26  Probe x2  
  48  5:38  Probe  
  48  5:40  Probe  
  48  5:42  Protoss Air Weapons Level 1  
  50  5:50  Probe, Carrier (Chrono Boost)  
  50  5:54  Nexus  
  57  5:58  Pylon  
  57  6:06  Assimilator, Probe x2  
  57  6:11  Assimilator  
  58  6:31  Probe x2  
  58  6:42  Stargate  
  58  6:45  Pylon  
  58  6:46  Pylon  
  58  6:57  Photon Cannon  
  58  6:59  Carrier (Chrono Boost)  
  58  7:00  Assimilator  
  58  7:06  Assimilator  
  64  7:10  Probe  
  64  7:11  Probe x2  
  67  7:27  Probe x3  
  70  7:48  Probe x3  
  73  8:00  Probe, Carrier (Chrono Boost)  
  80  8:07  Carrier (Chrono Boost)  
  86  8:24  Nexus  
  86  8:29  Pylon  
  86  8:32  Probe x3  
  86  8:33  Pylon  
  89  8:38  Pylon  
  89  8:46  Probe x3  
  92  8:49  Cybernetics Core  
  92  8:54  Protoss Air Weapons Level 2 (Chrono Boost)  
  92  8:57  Carrier  
  97  9:04  Stargate  
  91  9:39  Probe x3  
  94  9:51  Probe  
  95  9:53  Probe  
  95  9:54  Probe  
  97  10:03  Probe  
  97  10:05  Probe, Protoss Shields Level 1 (Chrono Boost)  
  99  10:11  Protoss Air Armor Level 1 (Chrono Boost)  
  99  10:14  Nexus  
  99  10:15  Pylon  
  99  10:16  Pylon  
  100  10:28  Carrier (Chrono Boost)  
  100  10:49  Probe x2  
  102  10:50  Probe  
  103  11:01  Probe  
  103  11:03  Carrier x2 (Chrono Boost)  
  104  11:04  Probe  
  104  11:06  Pylon  
  117  11:20  Protoss Air Weapons Level 3 (Chrono Boost)  
  117  11:29  Probe x3  
  120  11:44  Twilight Council  
  120  11:46  Probe  
  122  11:47  Probe  
  122  12:10  Nexus  
  122  12:16  Probe  
  122  12:17  Nexus, Probe  
  122  12:22  Pylon  
  124  12:24  Pylon  
  124  12:27  Pylon  
  124  12:28  Probe  
  125  12:31  Pylon  
  125  12:35  Pylon  
  125  12:37  Carrier (Chrono Boost)  
  125  12:39  Carrier (Chrono Boost)  
  137  12:45  Mothership  
  145  12:53  Photon Cannon  
  145  12:58  Photon Cannon  
  145  13:01  Photon Cannon  
  145  13:05  Photon Cannon  
  145  13:07  Probe x2, Carrier (Chrono Boost)  
  145  13:09  Photon Cannon  
  145  13:11  Photon Cannon  
  145  13:12  Stargate x2  
  153  13:16  Stargate  
  153  13:30  Shield Battery  
  153  13:34  Shield Battery  
  153  13:37  Shield Battery  
  153  13:39  Carrier  
  153  13:40  Shield Battery, Carrier  
  165  13:42  Shield Battery  
  165  13:45  Shield Battery  
  165  13:48  Shield Battery  
  165  13:51  Shield Battery  
  165  13:53  Shield Battery  
  165  13:56  Shield Battery  
  189  14:43  Probe x3  
  189  14:44  Probe x2  
  190  15:02  Pylon x2  
  190  15:04  Pylon  
  190  15:05  Pylon  
  190  15:06  Pylon  
  190  15:08  Pylon  
Show
View Real Time Build Order
Export as new Build Order

Iceman Terran - Winner!

Build Orders:  

Get SALT Encoding   

  12  0:01  SCV  
  13  0:13  SCV  
  14  0:19  Supply Depot  
  14  0:30  SCV  
  15  0:45  Barracks  
  15  0:53  SCV  
  16  0:58  Refinery  
  16  1:00  Refinery  
  16  1:05  SCV  
  17  1:17  SCV  
  18  1:20  Supply Depot  
  18  1:32  Orbital Command  
  18  1:37  Barracks Tech Lab  
  18  1:50  Factory  
  18  2:01  SCV  
  19  2:09  Marine  
  19  2:13  SCV  
  21  2:17  Supply Depot  
  21  2:25  SCV  
  21  2:27  Marine  
  21  2:28  Engineering Bay  
  23  2:37  SCV  
  24  2:44  Starport  
  24  2:46  Barracks Tech Lab  
  24  2:50  SCV  
  25  3:03  Siege Tank  
  28  3:10  SCV  
  29  3:15  Missile Turret  
  29  3:27  Starport  
  29  3:29  Banshee  
  32  3:56  Marine  
  33  4:04  Starport Tech Lab  
  33  4:11  Command Center  
  33  4:17  Cloaking Field  
  33  4:19  Banshee  
  36  4:27  Banshee  
  39  4:35  Supply Depot  
  39  4:52  Supply Depot  
  39  4:55  Supply Depot  
  39  4:57  SCV  
  40  5:18  SCV  
  41  5:30  SCV  
  41  5:31  Refinery  
  41  5:34  Siege Tank  
  45  5:39  Refinery  
  45  5:48  Missile Turret  
  45  5:51  Orbital Command  
  45  5:55  Missile Turret  
  45  5:57  Missile Turret  
  45  6:09  Bunker  
  36  7:05  SCV  
  37  7:17  SCV  
  38  7:29  SCV  
  39  7:30  Fusion Core  
  39  7:36  Armory  
  39  7:37  SCV  
  40  7:38  Armory  
  40  7:41  SCV  
  41  7:49  SCV  
  42  7:53  SCV  
  43  8:16  Command Center  
  43  8:18  Command Center  
  43  8:21  Command Center  
  43  8:26  Missile Turret  
  43  8:33  SCV  
  43  8:34  SCV  
  45  8:45  SCV  
  45  8:46  Missile Turret, Weapon Refit  
  46  8:52  Terran Vehicle And Ship Armor Level 1  
  46  8:56  Terran Ship Weapons Level 1  
  46  9:09  Missile Turret  
  46  9:19  Starport  
  46  9:30  Missile Turret  
  52  9:31  Battlecruiser x2  
  52  9:34  Missile Turret  
  58  9:38  Missile Turret  
  58  9:41  Orbital Command, Starport  
  58  9:43  Orbital Command  
  58  9:45  Orbital Command  
  58  9:48  SCV x2  
  60  10:00  SCV x2  
  62  10:11  Refinery  
  62  10:12  SCV  
  63  10:19  Starport Tech Lab  
  63  10:20  Starport Tech Lab  
  63  10:21  Refinery  
  63  10:22  Refinery x2  
  63  10:26  Refinery  
  63  10:34  Sensor Tower  
  63  10:48  Terran Vehicle And Ship Armor Level 2  
  63  10:50  Terran Ship Weapons Level 2  
  63  10:53  SCV x5  
  67  11:44  Battlecruiser x2  
  67  11:45  Battlecruiser  
  85  12:29  Missile Turret  
  79  13:20  Missile Turret  
  79  13:21  Missile Turret  
  79  13:22  Missile Turret x2  
  79  13:23  Missile Turret  
  74  13:42  Missile Turret  
  64  14:13  Battlecruiser x2  
  64  14:14  Battlecruiser x2  
  81  15:16  Sensor Tower  
  81  15:17  Command Center x2  
  81  15:18  Missile Turret  
Show
View Real Time Build Order
Export as new Build Order

SlapShot Terran 

Build Orders: Banshee Rush 

Get SALT Encoding   

  12  0:00  SCV  
  13  0:13  SCV  
  14  0:24  Supply Depot  
  14  0:25  SCV  
  15  0:34  Supply Depot  
  15  0:45  SCV  
  15  0:47  Supply Depot  
  16  0:58  Barracks  
  16  1:13  SCV  
  16  1:14  Refinery  
  17  1:25  SCV  
  17  1:29  Refinery  
  18  1:33  Engineering Bay  
  18  1:38  SCV  
  19  1:50  SCV  
  20  1:59  Marine  
  21  2:02  SCV  
  22  2:10  Factory  
  23  2:16  Orbital Command  
  23  2:17  Marine  
  23  2:28  Missile Turret  
  23  2:33  Missile Turret  
  23  2:34  Hi-Sec Auto Tracking  
  23  2:43  SCV  
  24  2:54  Starport  
  24  2:55  SCV  
  25  3:00  Factory Reactor  
  25  3:03  Factory Tech Lab  
  25  3:07  SCV  
  26  3:26  Armory  
  26  3:35  Starport Tech Lab  
  26  3:39  Widow Mine  
  28  3:44  Command Center  
  28  3:56  Cloaking Field  
  28  3:58  Banshee  
  31  4:07  SCV  
  32  4:17  Refinery  
  32  4:19  SCV  
  31  4:26  Missile Turret  
  31  4:40  Banshee, Marine  
  35  4:58  Marine  
  33  5:15  Hyperflight Rotors  
  33  5:16  Marine  
  33  5:23  Missile Turret  
  31  5:34  Marine  
  32  5:37  Widow Mine  
  34  5:50  Starport  
  34  5:52  Marine  
  34  5:56  Barracks  
  35  6:01  Command Center  
  35  6:03  Banshee  
  38  6:09  Marine  
  39  6:27  Marine  
  34  6:38  Thor  
  40  6:45  Barracks Reactor, Marine  
  44  7:03  Marine  
  45  7:10  Viking  
  45  7:11  Starport Reactor  
  44  7:19  Orbital Command  
  44  7:21  SCV, Marine  
  46  7:33  SCV  
  47  7:38  Marine  
  47  7:40  Medivac  
  50  7:45  SCV  
  51  7:56  Refinery x2, SCV  
  51  7:58  SCV  
  53  7:59  Starport  
  53  8:08  SCV  
  54  8:20  SCV, Command Center  
  54  8:24  Terran Vehicle Weapons Level 1  
  55  8:27  Missile Turret  
  55  8:32  SCV  
  56  8:37  Starport Reactor  
  56  8:42  Barracks Reactor  
  56  8:44  SCV  
  56  8:46  Terran Infantry Armor Level 1  
  56  8:48  Missile Turret  
  57  8:51  Barracks  
  57  8:52  SCV  
  58  8:56  SCV  
  58  9:01  Supply Depot  
  59  9:03  Supply Depot  
  59  9:04  SCV  
  59  9:08  SCV  
  61  9:10  Missile Turret  
  61  9:20  Thor  
  61  9:23  Refinery  
  67  9:27  Supply Depot  
  67  9:29  SCV  
  67  9:30  Missile Turret, Viking  
  70  9:37  Starport  
  70  9:43  Starport  
  70  9:51  Viking  
  72  9:57  Orbital Command  
  72  10:21  Thor  
  78  10:39  Marine x2  
  78  10:40  Marine x2  
  78  10:41  Viking x2  
  86  10:59  Viking x3  
  86  11:04  Thor  
  86  11:08  Terran Ship Weapons Level 1  
  86  11:09  Marine x2  
  86  11:11  Starport Reactor  
  94  11:47  Thor  
  84  12:30  Thor  
  80  13:00  Viking x4, Marine x4  
  80  13:02  Terran Vehicle Weapons Level 2  
  91  13:12  Thor  
  91  13:16  Refinery  
  91  13:18  Marine x4  
  101  13:30  Barracks  
  101  13:36  Marine x2  
  101  13:37  Missile Turret  
  103  13:44  Marine x2  
  103  13:46  Viking x2  
  109  13:58  Missile Turret  
  109  14:06  Marine x2  
  109  14:08  Marine  
  109  14:09  Viking  
  108  14:16  Viking x2  
  108  14:19  Marine  
  109  14:25  Thor, Viking  
  109  14:26  Viking x4  
  125  14:37  Barracks Reactor  
  125  15:08  SCV  
Show
View Real Time Build Order
Export as new Build Order

oldSerge Zerg - Winner!

Build Orders: Hatch First 

Get SALT Encoding   

  12  0:01  Drone  
  13  0:16  Drone  
  13  0:18  Overlord  
  14  0:32  Overlord  
  14  0:37  Drone  
  15  0:43  Drone  
  15  0:49  Drone  
  17  1:00  Drone  
  18  1:21  Overlord  
  18  1:26  Hatchery  
  18  1:28  Spawning Pool  
  18  1:30  Extractor  
  18  1:32  Drone  
  16  1:33  Drone  
  17  1:44  Drone  
  18  1:59  Drone  
  19  2:06  Drone  
  20  2:19  Zergling x2  
  21  2:32  Extractor  
  21  2:36  Lair  
  20  2:38  Zergling x4  
  21  3:15  Drone x3  
  21  3:19  Drone x3  
  27  3:28  Burrow  
  27  3:29  Drone  
  28  3:39  Drone x2  
  30  3:43  Drone  
  31  3:52  Drone  
  32  4:09  Hydralisk Den  
  31  4:18  Drone x3  
  31  4:20  Drone x2  
  31  4:23  Extractor  
  35  4:26  Hatchery  
  35  4:28  Extractor  
  33  4:39  Queen  
  33  4:44  Metabolic Boost  
  35  4:46  Hydralisk x4  
  35  4:50  Overlord  
  43  5:16  Hydralisk  
  43  5:17  Hydralisk x3  
  43  5:18  Overlord  
  50  5:42  Hydralisk  
  50  5:43  Hydralisk x2  
  56  5:54  Drone x2  
  58  6:03  Muscular Augments  
  58  6:13  Hydralisk  
  58  6:15  Zergling x10  
  58  6:16  Zergling x2  
  66  6:35  Pneumatized Carapace  
  66  6:48  Overlord x2  
  66  6:49  Overlord x3  
  66  7:06  Queen  
  67  7:14  Grooved Spines  
  65  7:21  Zergling x14  
  65  7:22  Zergling x4  
  71  7:56  Hydralisk x3  
  71  7:57  Hydralisk x6  
  89  8:10  Evolution Chamber  
  88  8:20  Hydralisk x2  
  88  8:21  Hydralisk x4  
  88  8:22  Zergling x4  
  102  8:39  Hydralisk  
  104  8:42  Overlord x2  
  104  8:44  Hydralisk x6  
  104  9:04  Queen  
  104  9:08  Queen  
  104  10:00  Zergling x4  
  104  10:01  Zergling x2  
  104  10:02  Zergling x4, Hydralisk x4  
  115  10:51  Hydralisk x28  
  112  11:01  Zergling x10  
  112  11:02  Zergling x4  
  110  11:28  Hydralisk x6  
  110  11:29  Hydralisk x2  
  93  12:18  Queen  
  93  12:19  Zergling x12  
  93  12:20  Zergling x2, Hydralisk x2  
  93  12:22  Overseer  
  42  12:37  Zergling x6  
  40  12:48  Hydralisk x3  
  39  13:10  Hydralisk x6  
  51  13:27  Hydralisk x5  
  51  13:28  Hydralisk  
  63  13:40  Hydralisk x2  
  63  13:41  Hydralisk  
  66  14:16  Queen  
  66  14:20  Queen  
  66  14:22  Hydralisk x3  
  66  14:23  Hydralisk x2  
  76  14:29  Queen  
  72  15:04  Hatchery  
Show
View Real Time Build Order
Export as new Build Order

BEARNSTIEN Terran 

Build Orders: 2 Factory 

Get SALT Encoding   

  12  0:01  SCV  
  13  0:13  SCV  
  14  0:21  Supply Depot  
  14  0:27  SCV  
  15  0:43  SCV  
  15  0:44  Barracks  
  16  0:55  SCV  
  17  1:06  Refinery  
  17  1:07  Refinery, SCV  
  18  1:19  SCV  
  19  1:31  SCV  
  19  1:32  Supply Depot, Marine  
  21  1:43  SCV  
  22  2:02  Command Center  
  22  2:06  Orbital Command  
  22  2:18  Marine  
  23  2:34  SCV  
  23  2:35  Marine  
  25  2:42  Factory  
  25  2:46  SCV  
  26  2:53  Marine  
  26  2:58  SCV  
  28  3:08  Supply Depot  
  28  3:10  SCV  
  28  3:11  Marine  
  29  3:22  SCV  
  29  3:26  Factory  
  30  3:29  Marine, Factory Tech Lab  
  31  3:34  SCV x2  
  33  3:46  SCV x2  
  33  3:47  Marine  
  36  3:51  Siege Tank  
  39  3:58  SCV x2  
  41  4:04  Marine  
  42  4:10  SCV x2  
  42  4:13  Factory Tech Lab  
  44  4:22  SCV x2, Marine  
  47  4:33  Engineering Bay  
  47  4:35  SCV  
  47  4:38  Command Center  
  48  4:40  Marine  
  49  4:47  SCV  
  49  4:52  Siege Tank  
  53  4:58  Supply Depot, Marine  
  54  5:01  Missile Turret  
  54  5:04  Missile Turret  
  54  5:11  Armory  
  54  5:19  Marine  
  54  5:20  SCV, Siege Tank  
  59  5:23  Supply Depot  
  59  5:27  Planetary Fortress  
  59  5:37  Marine  
  60  5:55  Marine  
  61  5:59  SCV x2  
  63  6:11  SCV  
  63  6:43  Missile Turret  
  63  6:47  Orbital Command  
  61  7:02  SCV  
  61  7:05  Missile Turret  
  62  7:14  SCV  
  62  7:19  SCV  
  63  7:24  Missile Turret  
  63  7:26  Missile Turret  
  63  7:31  SCV  
  63  7:34  SCV  
  63  7:35  SCV  
  66  7:38  Refinery  
  66  7:43  SCV  
  67  7:45  Refinery  
  67  7:47  SCV  
  67  7:48  Missile Turret  
  67  7:50  Missile Turret  
  67  7:51  Barracks Reactor  
  68  7:54  Terran Vehicle And Ship Armor Level 1  
  68  7:55  Thor x2, SCV  
  81  8:00  Refinery  
  81  8:02  Armory  
  81  8:04  Terran Infantry Armor Level 1  
  81  8:07  SCV  
  82  8:19  SCV  
  83  8:31  SCV  
  84  8:34  SCV  
  84  8:39  Supply Depot  
  85  8:41  Supply Depot  
  85  8:43  Supply Depot  
  85  8:59  Terran Vehicle Weapons Level 1  
  85  9:00  SCV x3  
  88  9:08  Thor x2  
  100  9:10  Supply Depot  
  100  9:12  Supply Depot  
  100  9:13  SCV x3  
  103  9:25  SCV x2  
  105  9:34  Supply Depot  
  105  9:35  Supply Depot  
  105  9:37  SCV x2  
  107  9:45  Marine x2  
  109  9:48  SCV  
  109  9:50  Thor  
  109  9:51  Thor  
  122  10:02  Marine  
  122  10:03  Marine  
  124  10:20  Marine x2  
  126  10:31  Terran Vehicle And Ship Armor Level 2  
  126  10:33  Thor x2  
  138  10:37  SCV  
  138  10:38  Marine x2  
  138  10:41  Refinery  
  141  11:03  Supply Depot  
  141  11:05  Supply Depot  
  141  11:14  SCV  
  141  11:15  Marine  
  140  11:20  Siege Tank  
  140  11:23  Thor  
  138  11:28  Supply Depot  
  138  11:32  Marine  
  128  11:33  Supply Depot, Marine  
  130  11:50  Marine x2  
  130  11:51  Supply Depot  
  130  11:52  Thor  
  138  11:59  Supply Depot  
  138  12:06  Thor  
  144  12:15  Terran Vehicle Weapons Level 2  
  144  12:17  Supply Depot  
  144  12:18  Marine x2  
  146  12:23  Supply Depot  
  146  12:28  Barracks  
  146  12:33  Terran Infantry Armor Level 2  
  146  12:35  Siege Tank  
  146  12:36  Marine x2  
  151  12:40  Engineering Bay  
  151  12:49  Siege Tank  
  154  12:53  Marine  
  154  12:54  Marine  
  156  13:07  Thor  
  156  13:11  Marine x2  
  164  13:17  Barracks  
  164  13:21  Thor  
  156  13:29  Marine x2  
  125  13:47  Marine  
  125  13:50  Thor  
  128  14:03  Thor  
  116  14:33  Thor  
  114  14:41  Factory  
  114  14:46  Factory  
Show
View Real Time Build Order
Export as new Build Order

PHASOR Zerg 

Build Orders: Pool First 

Get SALT Encoding   

  12  0:02  Drone  
  13  0:12  Overlord  
  13  0:18  Drone  
  14  0:23  Extractor  
  14  0:25  Drone  
  14  0:35  Drone x2  
  16  0:54  Drone  
  17  1:03  Spawning Pool  
  17  1:11  Drone x2  
  17  1:16  Extractor  
  17  1:23  Drone  
  18  1:47  Drone x2, Hatchery  
  19  1:55  Lair  
  19  2:06  Overlord  
  19  2:18  Drone x2  
  19  2:22  Drone  
  22  2:43  Drone  
  23  2:51  Drone  
  24  3:03  Spire  
  24  3:04  Drone  
  24  3:11  Drone x2  
  26  3:24  Drone  
  26  3:25  Queen  
  29  3:28  Queen  
  29  3:32  Drone x3  
  34  3:42  Extractor  
  34  3:45  Extractor  
  32  3:57  Drone x2  
  34  4:25  Drone x2  
  34  4:26  Overlord  
  36  4:54  Overlord  
  36  4:55  Mutalisk x4, Overlord  
  44  5:18  Hatchery  
  43  5:22  Mutalisk x3  
  43  5:23  Mutalisk x2  
  53  5:47  Drone x5  
  58  5:56  Overlord x2  
  58  5:57  Drone x2  
  60  6:46  Drone x4  
  64  7:00  Mutalisk x5  
  64  7:01  Mutalisk  
  76  7:17  Mutalisk x2  
  76  7:18  Mutalisk  
  76  7:19  Overlord x4  
  76  7:20  Overlord  
  82  7:36  Zerg Flyer Weapons Level 1  
  82  7:47  Mutalisk x2  
  86  8:17  Mutalisk x3  
  92  8:26  Hatchery  
  92  8:27  Queen  
  93  8:39  Mutalisk  
  95  9:02  Pneumatized Carapace  
  95  9:30  Zerg Flyer Armor Level 1  
  95  9:44  Mutalisk x5  
  95  9:45  Mutalisk x3  
  111  9:58  Drone x2  
  113  10:05  Drone x6  
  113  10:06  Drone x2  
  121  10:16  Hatchery  
  114  10:53  Extractor  
  114  10:56  Extractor  
  108  11:46  Mutalisk x8  
  108  11:47  Mutalisk x3  
  96  12:24  Mutalisk x5  
  96  12:25  Mutalisk  
  98  12:44  Mutalisk x2  
  102  12:58  Extractor  
  102  12:59  Extractor  
  100  13:05  Drone x2  
  100  13:06  Drone x7  
  105  13:46  Mutalisk x5  
  97  14:41  Mutalisk x7  
  97  14:42  Mutalisk x2  
Tags
 
Add a new tag
Caveats
  • Supply blocks, unpowered buildings, or Contaminate may cause inaccurate times.
  • Supply counts are checked every 10 seconds.